 Dungeon Crawl Stone Soup version 0.21.1-1-g345015fe64 (webtiles) character file.

59 KleinerIrrer the Chopper (level 4, -1/35 HPs)
             Began as a Formicid Fighter on Apr 4, 2018.
             Slain by a gnoll
             ... wielding a +3 halberd of freezing
              (4 damage)
             ... on level 1 of the Dungeon.
             The game lasted 00:00:18 (1217 turns).

KleinerIrrer the Chopper (Formicid Fighter)         Turns: 1217, Time: 00:00:18

Health: -1/35      AC: 10    Str: 21    XL:     4   Next: 22%
Magic:  4/4        EV:  7    Int:  8    God:
Gold:   38         SH:  9    Dex: 10    Spells: 3/3 levels left

rFire    . . .     SeeInvis +   a - +0 war axe
rCold    . . .     Gourm    .   c - +0 shield
rNeg     . . .     Faith    .   b - +0 scale mail
rPois    .         Spirit   .   (helmet unavailable)
rElec    .         Reflect  .   (no cloak)
rCorr    .         Harm     .   (no gloves)
MR       .....                  n - +2 pair of boots
Stlth    ..........             (no amulet)
HPRegen  0.11/turn              j - +3 ring of slaying {mikee}
MPRegen  0.09/turn              (no ring)

@: no status effects
A: permanent stasis, dig shafts and tunnels, four strong arms, antennae 3
a: Dig, Shaft Self


You were on level 1 of the Dungeon.
You were hungry.

You visited 1 branch of the dungeon, and saw 2 of its levels.

You collected 38 gold pieces.


Innate Abilities, Weirdness & Mutations

You cannot be hasted, slowed, berserked, paralysed or teleported.
You can dig through walls and to a lower floor.
Your four strong arms can wield two-handed weapons with a shield.
You have a pair of large antennae on your head. (SInv)


   Skills:
 - Level 3.2 Fighting
 + Level 4.2 Axes
 - Level 3.2 Armour
 - Level 3.6 Shields


You had 3 spell levels left.
You didn't know any spells.

Inventory:

Hand Weapons
 a - a +0 war axe (weapon)
 e - a +0 flail
Armour
 b - a +0 scale mail (worn)
 c - a +0 shield (worn)
 n - a +2 pair of boots (worn)
Jewellery
 j - a +3 ring of slaying (left hand) {mikee}
Scrolls
 h - a scroll of identify
Potions
 d - a potion of might
 i - a potion of mutation {unknown}
Comestibles
 f - 4 rations

Dungeon Overview and Level Annotations

Branches:
Dungeon (2/15)

Altars:


Message History

You climb upwards.
There is a stone staircase leading down here.
You see here a +0 hand axe.
You hit the gnoll.
The gnoll is moderately wounded.
You hit the gnoll. You closely miss the gnoll.
You block the gnoll's attack. x2; The gnoll barely misses you.
You slash the gnoll!
You kill the gnoll!
Your Axes skill increases to level 4!
You have reached level 4!
You feel clever.
You slash the gnoll! You hit the gnoll.
The gnoll hits you with a halberd of freezing.
The gnoll freezes you. You block the gnoll's attack.
The gnoll hits you but does no damage. The gnoll closely misses you.
You slash the gnoll!
You kill the gnoll!
You barely miss the gnoll.
The gnoll hits you with a halberd of freezing!
The gnoll freezes you.
You die...

##'####...#)...#...
#...# #...#..#.####
#...# #...#..#....#
#...# #...#.....#.#
#...# #...##.......
#...# #...#####.#.#
#...# #...# #.#.#
#.g.###...#####.#.#
#)@)..............#
#......#######.####
#......##..........
#......##.####..###
#......##.# ##.##
######...##.###
#..#
#.............#
##.##
#.............#
#..#
#.............#
##.)


You could see a gnoll.

Vanquished Creatures
  3 gnolls (D:1)
  An adder (D:2)
  A dart slug (D:1)
  A ball python (D:1)
  4 goblins
  2 hobgoblins (D:1)
  2 bats (D:1)
  A frilled lizard (D:2)
  5 kobolds (D:1)
  2 rats (D:1)
22 creatures vanquished.

Notes
Turn   | Place    | Note
-------+----------+-------------------------------------------
     0 | D:1      | KleinerIrrer the Formicid Fighter began the quest for the Orb.
     0 | D:1      | Reached XP level 1. HP: 18/18 MP: 1/1
     0 | D:1      | 0 ||| counter = 41
    38 | D:1      | Reached XP level 2. HP: 16/24 MP: 2/2
   184 | D:1      | 184 ||| SWAPPING to glowing hand axe.
   268 | D:1      | Reached skill level 3 in Axes
   425 | D:1      | Reached XP level 3. HP: 29/29 MP: 3/3
   769 | D:1      | 769 ||| UPGRADING to pair of embroidered boots.
   774 | D:1      | 774 ||| READING scroll labeled GOUTIEKLAROV.
   775 | D:1      | 775 ||| READING 2 scrolls labeled ZATERO XAQU.
   776 | D:1      | 776 ||| READING scroll labeled SUOTWO NOUHIL.
   777 | D:1      | 777 ||| READING scroll labeled REAG IPATE.
   778 | D:1      | 778 ||| READING scroll of identify.
   778 | D:1      | 778 ||| IDENTIFYING wooden ring
   779 | D:1      | 779 ||| UPGRADING to +3 ring of slaying {mikee}.
  1081 | D:2      | 1081 ||| STAIRDANCE
  1208 | D:1      | 1208 ||| READING scroll labeled RYTWUA IPEILI.
  1209 | D:1      | 1209 ||| SWAPPING to +0 war axe.
  1210 | D:1      | 1210 ||| DROPPING +0 hand axe.
  1213 | D:2      | 1213 ||| STAIRDANCE
  1216 | D:1      | Reached skill level 4 in Axes
  1216 | D:1      | Reached XP level 4. HP: 21/35 MP: 4/4
  1217 | D:1      | HP: 3/35 [gnoll/halberd of freezing (13)]
  1217 | D:1      | Slain by a gnoll

Vault maps used:
D:1:      denvon_arrival_planthouse

Skill      XL: |  1  2  3 |
---------------+----------+-----
Axes           | 3 4 |  4.2
Fighting       | |  3.2
Armour         | |  3.2
Shields        | |  3.6

Action                   |  1- 3 |  4- 6 || total
-------------------------+-------+-------++-------
Melee: War axe           |    12 |     1 ||    13
       Hand axe          |    55 |       ||    55
  Use: Scroll            |     6 |       ||     6
Armor: Scale mail        |    16 |     1 ||    17
Dodge: Dodged            |    19 |     1 ||    20
Block: Shield            |    33 |     1 ||    34

Table legend:
 A = Spawn XP
 B = Non-spawn XP
 C = Spawn XP percentage of total XP
 D = Spawn monster count
 E = Non-spawn monster count
 F = Spawn count percentage of total count
 G = Total turns spent on level
                    A         B        C        D         E        F      G
               +---------+---------+-------+---------+---------+-------+---------
         Total |       0 |      85 |   0.0 |       0 |      22 |   0.0 |  1217
               +---------+---------+-------+---------+---------+-------+---------
           D:1 |       0 |      69 |   0.0 |       0 |      19 |   0.0 |   943
           D:2 |       0 |      16 |   0.0 |       0 |       3 |   0.0 |   274
               +---------+---------+-------+---------+---------+-------+---------
